 Dungeon Crawl Stone Soup version 0.30-a0-782-ge64f9170bb (webtiles) character file.

Game seed: 13322900727268005936

48 theswoord the Twirler (level 3, 0/27 HPs)
             Began as a Demonspawn Gladiator on Feb 19, 2023.
             Slain by a hobgoblin
             ... wielding a +0 war axe
              (7 damage)
             ... on level 2 of the Dungeon.
             The game lasted 00:02:18 (968 turns).

theswoord the Twirler (Demonspawn Gladiator)         Turns: 968, Time: 00:02:19

Health: 0/27       AC:  4    Str: 16    XL:     3   Next: 50%
Magic:  3/3        EV: 12    Int:  9    God:
Gold:   113        SH:  0    Dex: 14    Spells: 2/2 levels left

rFire   . . .      SeeInvis .    a - +2 quarterstaff (freeze)
rCold   . . .      Faith    .    (shield currently unavailable)
rNeg    . . .      Spirit   .    b - +0 leather armour
rPois   .          Reflect  .    c - +0 helmet
rElec   .          Harm     .    (no cloak)
rCorr   .          Rampage  .    (no gloves)
Will    .....                    (no boots)
Stlth   +                        (no amulet)
HPRegen 0.24/turn                (no ring)
MPRegen 0.16/turn                (no ring)

@: no status effects
A: claws 1, magic regeneration
a: no special abilities


You were on level 2 of the Dungeon.
You visited 1 branch of the dungeon, and saw 2 of its levels.

You collected 113 gold pieces.

Inventory:

Hand Weapons
 a - a +2 quarterstaff of freezing (weapon)
Missiles
 d - 3 throwing nets (quivered)
 e - a javelin
Armour
 b - a +0 leather armour (worn)
 c - a +0 helmet (worn)
 h - a +0 pair of gloves
Wands
 k - a wand of paralysis (5)
Scrolls
 l - a scroll of fog {unknown}
Potions
 f - a potion of ambrosia {unknown}
 g - a potion of curing {unknown}
 i - 2 potions of attraction {unknown}
 j - a potion of mutation {unknown}


   Skills:
 - Level 2.0 Fighting
 + Level 4.1 Staves
 - Level 1.7 Throwing
 - Level 2.6 Dodging


You had 2 spell levels left.
You didn't know any spells.
Your spell library was empty.

Dungeon Overview and Level Annotations

Branches:
Dungeon (2/15)

Altars:

Shops:
D:1 :=*


Innate Abilities, Weirdness & Mutations

You have sharp fingernails.
You regenerate magic rapidly.


Message History

You kill the hobgoblin!
No target in view!
No target in view!
You see here 6 poisoned darts.
A goblin comes into view. It is wielding a +0 hand axe.
Found a dagger.
A goblin is nearby!
A goblin is nearby!
Robin, a hobgoblin and a worm come into view.
Found a whip.
Found a stone staircase leading up.
The goblin shouts!
The hobgoblin shouts!
Robin says, "My army is invincible!"
A frilled lizard comes into view.
A hobgoblin comes into view.
Found a scroll labelled PYRCHY WOKOI.
The frilled lizard hisses angrily.
The hobgoblin misses you. The goblin hits you with a +0 hand axe.
The hobgoblin attacks as you move away! The hobgoblin barely misses you.
Robin roars a battlecry!
The goblins go into a battle-frenzy!
The hobgoblin attacks as you move away! The hobgoblin barely misses you.
The goblin hits you with a +0 hand axe.
You closely miss the goblin. The goblin closely misses you.
You barely miss the goblin. The goblin hits you but does no damage.
You barely miss the goblin. The goblin closely misses you.
You hit the goblin but do no damage. You thump the goblin!
You freeze the goblin.
You kill the goblin!
You hit Robin. You freeze Robin. Robin hits you with a +0 club.
The hobgoblin hits you with a +0 war axe.
You sock Robin! You freeze Robin. Robin hits you but does no damage.
The hobgoblin hits you with a +0 war axe!
* * * LOW HITPOINT WARNING * * *
You hit Robin. You freeze Robin. Robin hits you with a +0 club.
* * * LOW HITPOINT WARNING * * *
The hobgoblin barely misses you.
You hit Robin. You freeze Robin.
You kill Robin!
The hobgoblin hits you with a +0 war axe!
You die...

#.## #..# ##.#
######### #.#
#........ #.####
#).......
#....########w..)....
####........#......<.
########g#........
#@glw.##### #####..#
#.... ###.? .


You could see a worm, 2 hobgoblins and a frilled lizard.

Vanquished Creatures
  Robin (D:2)
  A dart slug (D:1)
  2 bats (D:1)
  4 endoplasms (D:1)
  A giant cockroach (D:1)
  5 hobgoblins
  3 kobolds (D:1)
  2 quokkas (D:1)
  2 frilled lizards (D:1)
  15 goblins
  4 rats (D:1)
40 creatures vanquished.

Vanquished Creatures (others)
  11 plants (D:1)
11 creatures vanquished.

Grand Total: 51 creatures vanquished

Notes
Turn   | Place    | Note
-------+----------+-------------------------------------------
     0 | D:1      | theswoord the Demonspawn Gladiator began the quest for the
                  | Orb.
     0 | D:1      | Reached XP level 1. HP: 16/16 MP: 1/1
    55 | D:1      | Reached skill level 3 in Staves
   172 | D:1      | Found Rezafes's General Store.
   254 | D:1      | Gained mutation: You regenerate magic rapidly. [demonic
                  | ancestry]
   254 | D:1      | Reached XP level 2. HP: 22/22 MP: 2/2
   394 | D:1      | Found Paloczal's Book Shoppe.
   545 | D:1      | Gained mutation: You have sharp fingernails. [demonic
                  | ancestry]
   545 | D:1      | Reached XP level 3. HP: 19/27 MP: 3/3
   814 | D:1      | Found Qugema Ceregg's Jewellery Emporium.
   850 | D:2      | Reached skill level 4 in Staves
   953 | D:2      | Noticed Robin
   968 | D:2      | Killed Robin
   968 | D:2      | Slain by a hobgoblin

Skill      XL: |  1  2  3 |
---------------+----------+-----
Staves         | 3 4 |  4.1
Fighting       | |  2.0
Throwing       | |  1.7
Dodging        | |  2.6

Action                     || total
---------------------------++-------
  Melee: Quarterstaff      ||    82
    Use: Scroll            ||     3
 Armour: Leather armour    ||    18
  Dodge: Dodged            ||    43

Levels and vault maps discovered:
D:1:      dpeg_arrival_rooms_c, layout_basic, serial_bayou, serial_bayou_ford_a,
          serial_bayou_pond_a, serial_bayou_shore_a, serial_bayou_lake_a,
          serial_shops, shop, shop_statue, shop_statue, minmay_misc_feat_cross,
          st_stairs_11, wander_ebering_terrifying_dragon_lair
D:2:      layout_basic, shapermc_ecumenical_altar_mp_vishouse, basic_altar,
          grunt_decor_one_mirror, uniq_robin
